 Dungeon Crawl Stone Soup version 0.18.1-48-g4cf74bf (webtiles) character file.

10825 nikopol the Spear-Bearer (level 11, 0/151 HPs)
             Began as a Minotaur Berserker on June 26, 2016.
             Was a High Priest of Trog.
             Slain by an eight-headed hydra (11 damage)
             ... on level 2 of the Lair of Beasts.
             The game lasted 00:24:20 (9777 turns).

nikopol the Spear-Bearer (Minotaur Berserker)       Turns: 9777, Time: 00:24:21

Health: 0/151      AC: 16    Str: 27    XL:     11   Next: 41%
Magic:  10/10      EV: 13    Int:  4    God:    Trog [*****.]
Gold:   473        SH:  0    Dex: 13    Spells: 0 memorised, 10 levels left

rFire  + . .     SeeInvis .     x - +4 glaive (chop)
rCold  . . .     Gourm    +     i - +1 chain mail {rF+}
rNeg   . . .     Faith    .     (shield currently unavailable)
rPois  .         Spirit   .     (helmet restricted)
rElec  .         Dismiss  .     D - +0 cloak
rCorr  .         Reflect  .     l - +1 pair of gloves
SustAt .         Harm     .     (no boots)
MR     .....                    b - amulet of the gourmand
Stlth  ..........               (no ring)
                                (no ring)

@: berserking, very quick, not resistant to hostile enchantments, extremely
unstealthy
A: retaliatory headbutt, horns 2
a: Berserk, Trog's Hand, Brothers in Arms, Burn Spellbooks, Renounce Religion


You were on level 2 of the Lair of Beasts.
You worshipped Trog.
Trog was extremely pleased with you.
You were completely stuffed.

You visited 2 branches of the dungeon, and saw 11 of its levels.

You collected 473 gold pieces.

Inventory:

Hand Weapons
 c - a +0 shortbow
 x - a +4 glaive of chopping (weapon)
 y - a +0 halberd
 R - a +1 halberd of chopping
Missiles
 v - 73 arrows
Armour
 d - a +0 scale mail
 i - a +1 chain mail of fire resistance (worn)
 l - a +1 pair of gloves (worn)
 D - a +0 cloak (worn)
 M - the +0 leather armour of Hetzeden {rN+ Str+2, unknown}
   (You found it on level 1 of the Lair of Beasts)

   It affects your strength (+2).
   It protects you from negative energy.
 Q - a cursed -1 plate armour
Jewellery
 b - an amulet of the gourmand (around neck)
 I - a cursed -3 ring of protection {unknown}
 P - a cursed ring of teleportation {unknown}
Wands
 H - a wand of flame (48/48)
 K - a wand of iceblast (7/15)
 L - a wand of acid (7/15)
 O - a wand of acid (8/15)
Scrolls
 a - a scroll of enchant weapon
 e - 7 scrolls of teleportation
 f - 11 scrolls of identify
 g - 2 scrolls of blinking
 k - 2 scrolls of fear
 n - 4 scrolls of remove curse
 w - a scroll of random uselessness
 B - a scroll of enchant armour
 F - 2 scrolls of recharging
 J - a scroll of immolation {unknown}
Potions
 h - 2 potions of ambrosia {unknown}
 j - 4 potions of haste
 o - 2 potions of agility {unknown}
 p - a potion of cure mutation {unknown}
 r - 3 potions of curing {unknown}
 s - 2 potions of might
 u - a potion of flight {unknown}
 z - 5 potions of degeneration {unknown}
 C - a potion of mutation {unknown}
 G - a potion of magic {unknown}
 N - a potion of heal wounds {unknown}
Comestibles
 m - 28 fruits
 q - a slice of pizza
 t - 5 meat rations
 A - a beef jerky
 E - 6 bread rations


   Skills:
 + Level 10.7 Fighting
 * Level 11.5 Polearms
 * Level 5.5 Bows
 + Level 10.6 Armour
 + Level 9.5 Dodging


You had 10 spell levels left.
You didn't know any spells.

Dungeon Overview and Level Annotations

Branches:
Dungeon (9/15)             Temple (0/1) D:7            Lair (2/8) D:9
    Orc: D:9-12

Altars:
Cheibriados
Kikubaaqudgha
Makhleb
Nemelex Xobeh
Pakellas
Ru
Sif Muna
Trog
Vehumet
The Shining One

Shops:
D:6 =   D:9 =


Innate Abilities, Weirdness & Mutations

You reflexively headbutt those who attack you in melee.
You have a pair of horns on your head.


Message History

The eight-headed hydra bites you.
* * * LOW HITPOINT WARNING * * *
The eight-headed hydra barely misses you.
The eight-headed hydra bites you.
* * * LOW HITPOINT WARNING * * *
The eight-headed hydra bites you.
* * * LOW HITPOINT WARNING * * *
The eight-headed hydra barely misses you.
The eight-headed hydra bites you but does no damage.
A crocodile comes into view.
A red film seems to cover your vision as you go berserk!
You feel yourself moving faster!
You feel mighty!
You feel somewhat less full. The eight-headed hydra misses you.
The eight-headed hydra bites you.
* * * LOW HITPOINT WARNING * * *
The eight-headed hydra bites you.
* * * LOW HITPOINT WARNING * * *
The eight-headed hydra bites you!
* * * LOW HITPOINT WARNING * * *
The eight-headed hydra bites you!
You die...

### ..... ##.P###
....... ......#
....... ...?...
#......###.......
.......#.........
...............>.
.........@D.((.(t
.................
.................
.....#.....#.....
.........####....
........#### #...
...........# ..#
.........#.######
...........##.#


You could see an eight-headed hydra and a crocodile.

Vanquished Creatures
  A hydra (Lair:2)
  Erica (D:9)
  The ghost of Rationalist the Shield-Bearer, a novice MiFi (D:8)
  A black mamba (Lair:1)
  2 spiny frogs
  A troll (D:9)
  3 blink frogs (Lair:1)
  Prince Ribbit (D:8)
  8 yaks (Lair:1)
  A basilisk (Lair:1)
  The ghost of Thrillho the Cutter, an amateur OpBe of Trog (D:3)
  3 water moccasins (Lair:1)
  2 porcupines (Lair:1)
  A sky beast (D:7)
  10 ice beasts
  4 orc warriors
  A phantom (D:6)
  6 wolves (Lair:1)
  5 ogres
  2 centaurs
  3 crocodiles
  A big kobold (D:8)
  6 giant frogs
  2 scorpions
  A water moccasin skeleton (D:9)
  4 killer bees (D:8)
  5 wights (D:9)
  3 howler monkeys
  8 crimson imps
  A quasit (D:9)
  A centaur zombie (D:8)
  A hound (D:8)
  A giant frog skeleton (D:5)
  A gnoll shaman (D:4)
  6 orc priests
  2 jellies (D:9)
  An iguana (D:6)
  11 orc wizards
  4 worker ants
  A killer bee zombie (D:7)
  15 gnolls
  5 adders
  A river rat (D:9)
  2 shadow imps (D:7)
  An ooze (D:1)
  2 adder skeletons (D:8)
  3 worms (D:4)
  A dart slug (D:2)
  8 giant geckos
  37 orcs
  4 giant cockroaches
  5 goblins
  6 hobgoblins
  5 jackals
  7 kobolds
  3 quokkas (D:7)
  5 bats
  6 giant newts
  12 rats
  2 fungi (D:9)
248 creatures vanquished.

Vanquished Creatures (others)
  An orc wizard (D:7)
1 creature vanquished.

Grand Total: 249 creatures vanquished

Notes
Turn   | Place    | Note
--------------------------------------------------------------
     0 | D:1      | nikopol the Minotaur Berserker began the quest for the Orb.
     0 | D:1      | Reached XP level 1. HP: 19/19 MP: 0/0
   192 | D:1      | Reached XP level 2. HP: 27/27 MP: 1/1
   536 | D:1      | Reached skill level 4 in Polearms
   641 | D:2      | Reached ** piety under Trog
   660 | D:2      | Reached XP level 3. HP: 33/33 MP: 2/2
  1268 | D:3      | Found a bloodstained altar of Trog.
  1301 | D:3      | Noticed Thrillho's ghost (amateur OpBe)
  1311 | D:3      | Killed Thrillho's ghost
  1311 | D:3      | Reached XP level 4. HP: 41/41 MP: 3/3
  1311 | D:3      | Reached XP level 5. HP: 47/47 MP: 4/4
  1406 | D:3      | Reached skill level 5 in Fighting
  1667 | D:3      | Reached skill level 5 in Polearms
  2210 | D:4      | Found an oddly glowing altar of Pakellas.
  2422 | D:4      | Reached XP level 6. HP: 56/56 MP: 5/5
  2466 | D:4      | Reached *** piety under Trog
  2846 | D:4      | Reached XP level 7. HP: 28/62 MP: 6/6
  3263 | D:4      | Reached skill level 6 in Polearms
  3263 | D:4      | Reached skill level 5 in Armour
  3284 | D:5      | Entered Level 5 of the Dungeon
  3657 | D:5      | Reached skill level 5 in Dodging
  3824 | D:6      | Found Voniq's Jewellery Boutique.
  3921 | D:6      | Reached **** piety under Trog
  3958 | D:6      | Reached XP level 8. HP: 53/71 MP: 7/7
  4194 | D:6      | Reached skill level 7 in Polearms
  4280 | D:6      | Found a sparkling altar of Nemelex Xobeh.
  4710 | D:7      | Found a staircase to the Ecumenical Temple.
  4765 | D:7      | Received a gift from Trog
  5255 | D:7      | Reached skill level 8 in Polearms
  5276 | D:7      | Found a deep blue altar of Sif Muna.
  5276 | D:7      | Found an ancient bone altar of Kikubaaqudgha.
  5322 | D:7      | Reached XP level 9. HP: 75/81 MP: 8/8
  5685 | D:7      | Found a burning altar of Makhleb.
  5686 | D:7      | Found a radiant altar of Vehumet.
  6048 | D:8      | Noticed Rationalist's ghost (novice MiFi)
  6059 | D:8      | Killed Rationalist's ghost
  6192 | D:8      | Reached skill level 9 in Polearms
  6480 | D:8      | Noticed Prince Ribbit
  6555 | D:8      | Killed Prince Ribbit
  6641 | D:9      | Found Tileil's Jewellery Shop.
  6655 | D:9      | Found a staircase to the Lair.
  6717 | D:9      | Noticed Erica
  6727 | D:9      | Killed Erica
  6727 | D:9      | Reached XP level 10. HP: 62/91 MP: 9/9
  7067 | D:9      | Reached ***** piety under Trog
  7168 | D:9      | Found a glowing golden altar of the Shining One.
  7206 | D:9      | Found a deep blue altar of Sif Muna.
  7657 | D:9      | Reached skill level 10 in Polearms
  7663 | D:9      | Reached skill level 10 in Fighting
  7819 | D:9      | Found a sacrificial altar of Ru.
  7826 | D:9      | Found a snail-covered altar of Cheibriados.
  7905 | Lair:1   | Entered Level 1 of the Lair of Beasts
  8032 | Lair:1   | Noticed a spiny frog
  8039 | Lair:1   | Killed a spiny frog
  8039 | Lair:1   | Reached skill level 1 in Bows
  8246 | Lair:1   | Noticed a black mamba
  8261 | Lair:1   | Killed a black mamba
  8261 | Lair:1   | Received a gift from Trog
  8504 | Lair:1   | Got a crude leather armour
  8698 | Lair:1   | Reached skill level 10 in Armour
  8733 | Lair:1   | Reached XP level 11. HP: 92/101 MP: 10/10
  8970 | Lair:1   | Reached skill level 11 in Polearms
  9478 | Lair:1   | Received a gift from Trog
  9509 | Lair:1   | Reached skill level 5 in Bows
  9684 | Lair:2   | Noticed an eight-headed hydra
  9688 | Lair:2   | Killed a ten-headed hydra
  9767 | Lair:2   | Noticed a six-headed hydra
  9777 | Lair:2   | Slain by an eight-headed hydra

Skill      XL: |  1  2  3  4  5  6  7  8  9 10 11 |
---------------+----------------------------------+-----
Fighting       | 4 5 6 8 9 10 | 10.7
Polearms       | 4 5 6 8 9 10 11 | 11.5
Armour         | 3 4 5 7 9 10 | 10.6
Dodging        | 3 4 5 6 8 9 |  9.5
Bows           | 3 5 |  5.5

Action                   |  1- 3 |  4- 6 |  7- 9 | 10-12 || total
-------------------------+-------+-------+-------+-------++-------
Melee: Spear             |   109 |   130 |       |       ||   239
       Headbutt          |     6 |    12 |    47 |    54 ||   119
       Halberd           |       |    12 |   303 |   235 ||   550
       Glaive            |       |       |       |    16 ||    16
 Fire: Shortbow          |       |       |    41 |    58 ||    99
Invok: Berserk           |     1 |     2 |     4 |     4 ||    11
       Burn Spellbooks   |     1 |       |     2 |     2 ||     5
  Use: Scroll            |       |       |     6 |     5 ||    11
  Eat: Chunk             |     1 |     8 |    23 |    14 ||    46
       Pizza             |       |       |     1 |       ||     1
Armor: Animal skin       |     5 |       |       |       ||     5
       Scale mail        |    16 |    37 |    52 |       ||   105
       Chain mail        |       |       |    46 |   141 ||   187
Dodge: Dodged            |    42 |    66 |   145 |   171 ||   424
